 Dungeon Crawl Stone Soup version 0.25.0-9-g26727b657a (webtiles) character file.

Game seed: 1569409913297627958

25874 gruber the Whirler (level 13, -5/88 HPs)
             Began as a Halfling Hunter on June 16, 2020.
             Was the Champion of Okawaru.
             Killed from afar by Jorgrun (22 damage)
             ... with an iron shot
             ... while petrified by Jorgrun
             ... on level 13 of the Dungeon.
             The game lasted 00:15:59 (16250 turns).

gruber the Whirler (Halfling Hunter)               Turns: 16250, Time: 00:16:00

Health: -5/88      AC: 10    Str: 20    XL:     13   Next: 53%
Magic:  13/13      EV:  3    Int: 12    God:    Okawaru [******]
Gold:   618        SH:  0    Dex: 12    Spells: 12/12 levels left

rFire    + + +     SeeInvis .   X - +6 fustibalus of Okawaru's Favour {freeze, rElec Int+3 Dex-4}
rCold    + . .     Gourm    .   (shield restricted)
rNeg     + + +     Faith    .   U - +0 scale mail of Autumn {rElec rF+ Str+3} (curse)
rPois    ∞         Spirit   .   (no helmet)
rElec    +         Reflect  .   D - scarf {rC+ rF+}
rCorr    .         Harm     .   (no gloves)
MR       .....                  k - +0 pair of boots
Stlth    ..........             y - amulet of the acrobat
HPRegen  0.24/turn              A - +4 ring of evasion
MPRegen  0.13/turn              C - ring of protection from fire

@: petrified
A: small, mutation resistance 1
a: Heroism, Finesse, Renounce Religion


You were on level 13 of the Dungeon.
You worshipped Okawaru.
Okawaru was exalted by your worship.
You were hungry.

You visited 2 branches of the dungeon, and saw 14 of its levels.
You also visited: Sewer.

You collected 618 gold pieces.

Inventory:

Hand Weapons
 a - the +2 hunting sling of Fuilo {freeze, rPois rN+ Dex+5}
   (Okawaru gifted it to you on level 10 of the Dungeon)

   It causes projectiles fired from it to freeze those they strike, causing
   extra injury to most foes and up to half again as much damage against
   particularly susceptible opponents.
   They can also slow down cold-blooded creatures.
   It affects your dexterity (+5).
   It protects you from poison.
   It protects you from negative energy.
 b - a +0 short sword
 I - a +2 short sword of freezing
 X - the +6 fustibalus of Okawaru's Favour (weapon) {freeze, rElec Int+3 Dex-4}
   (Okawaru gifted it to you on level 12 of the Dungeon)

   It causes projectiles fired from it to freeze those they strike, causing
   extra injury to most foes and up to half again as much damage against
   particularly susceptible opponents.
   They can also slow down cold-blooded creatures.
   It affects your intelligence (+3).
   It affects your dexterity (-4).
   It insulates you from electricity.
Missiles
 d - 45 sling bullets (quivered)
 p - 346 stones
Armour
 k - a +0 pair of boots (worn)
 D - a scarf of resistance (worn)
 U - the cursed +0 scale mail of Autumn (worn) {rElec rF+ Str+3}
   (You found it on level 11 of the Dungeon)

   It affects your strength (+3).
   It protects you from fire.
   It insulates you from electricity.
   It has a curse placed upon it.
 Y - the cursed +1 scale mail of Pafodgh {Int+6}
   (You found it on level 12 of the Dungeon)

   It affects your intelligence (+6).
   It has a curse placed upon it.
Jewellery
 y - an amulet of the acrobat (around neck)
 z - a +6 ring of strength
 A - a +4 ring of evasion (left hand)
 C - a ring of protection from fire (right hand)
 E - an uncursed ring of see invisible
Wands
 t - a wand of random effects (19)
 B - a wand of clouds (3)
 J - a wand of acid (8)
 N - a wand of iceblast (17)
 Q - a wand of disintegration (26)
 R - a wand of polymorph (7)
Scrolls
 e - 3 scrolls of amnesia {unknown}
 h - 14 scrolls of remove curse
 j - a scroll of enchant armour {unknown}
 m - 12 scrolls of teleportation
 o - 6 scrolls of identify
 q - 2 scrolls of blinking {unknown}
 r - 3 scrolls of fog {unknown}
 u - 4 scrolls of random uselessness {unknown}
 v - 4 scrolls of immolation {unknown}
 F - a scroll of enchant weapon {unknown}
 M - a scroll of fear {unknown}
 O - a scroll of summoning {unknown}
 P - a scroll of torment {unknown}
 V - a scroll of magic mapping {unknown}
Potions
 c - a potion of invisibility {unknown}
 g - 3 potions of brilliance
 i - 4 potions of flight
 l - 2 potions of stabbing
 n - a potion of haste {unknown}
 s - 5 potions of curing
 w - 4 potions of heal wounds
 x - 4 potions of degeneration {unknown}
 G - 3 potions of lignification {unknown}
 H - a potion of cancellation {unknown}
 K - 2 potions of mutation {unknown}
 L - a potion of resistance {unknown}
 S - 2 potions of might {unknown}
 W - a potion of berserk rage {unknown}
 Z - 2 potions of magic {unknown}
Comestibles
 f - 24 rations


   Skills:
 - Level 8.0 Fighting
 * Level 18.6 Slings
 - Level 11.1 Armour
 - Level 12.2 Dodging
 - Level 1.1 Stealth
 - Level 0.4 Evocations


You had 12 spell levels left.
You didn't know any spells.
Your spell library contained the following spells:

 Spells                   Type           Power        Failure   Level  Hunger
 Animate Skeleton         Necr           N/A          58%         1    ##.....
 Apportation              Tloc           #.....       58%         1    ##.....
 Corona                   Hex            #......      58%         1    ##.....
 Summon Small Mammal      Summ           #...         58%         1    ##.....


Dungeon Overview and Level Annotations

Branches:
Dungeon (13/15)            Temple (1/1) D:5            Lair (0/6) D:11
    Orc (0/2) D:11          Sewer (visited)
 Vaults: D:13-14

Altars:
Ashenzari
Dithmenos
Elyvilon
Gozag
Hepliaklqana
Kikubaaqudgha
Makhleb
Nemelex Xobeh
Okawaru
Ru
Uskayaw
Vehumet
Wu Jian
Xom
Yredelemnul
Zin
The Shining One
Beogh

Shops:
D:10 }   D:11 ?

Annotations:
D:4 1 runed translucent door, LohmatiyShmel's ghost, amateur DrBe
D:13 Jorgrun


Innate Abilities, Weirdness & Mutations

You are small and have problems with some larger weapons.
You are somewhat resistant to further mutation.


Message History

You are too injured to fight recklessly!
Unknown command.
Firing (i - inventory. (/) - cycle)
d - 46 sling bullets (quivered)
Press: ? - help, Shift-Dir - straight line, f/p - Jorgrun
Aim: Jorgrun, wielding a +0 vorpal quarterstaff and wearing a +2 robe of resistance (almost dead)
You shoot a sling bullet. The sling bullet hits Jorgrun.
The sling bullet freezes Jorgrun.
Jorgrun is almost dead.
Jorgrun casts a spell past you.
The wall shatters!
The blast of rock fragments hits you!!
* * * LOW HITPOINT WARNING * * *
You have turned to stone.
Jorgrun hits you but does no damage. x2
Jorgrun gestures at you while chanting.
You struggle to resist.
Jorgrun hits you with a +0 vorpal quarterstaff!
* * * LOW HITPOINT WARNING * * *
x2 Jorgrun points at you and mumbles some strange words.
The iron shot hits you!!!
You die...

#........## ...
###.##.## ..# #....#
... ####.# #.# ##'##
# #.# ##...## #. #(#
## ##.....#
#.#.##.## ##.......
#.@#...####.....)..
###g.......'.....)..
#...(...####........
#.#.#(..# ##.......
#<...#(.# ##.....#
#....##(# ##...##
#....# .# ##+##
#.#.###.# #.#
#.......# #.#


You could see Jorgrun.

Vanquished Creatures
  Harold (D:7)
  Fannar (D:11)
  Erica (D:8)
  A tengu warrior (D:13)
  7 two-headed ogres
  Sonja (D:12)
  4 skeletal warriors (D:13)
  An unseen horror (D:13)
  Pikel (D:9)
  2 ugly things (D:13)
  3 manticores
  2 centaur skeletons (D:13)
  A spiny frog (shapeshifter) (D:13)
  A tengu conjurer (D:13)
  8 trolls
  A hornet (D:7)
  A hippogriff (D:10)
  A spriggan (D:8)
  2 shadows
  A wraith (D:12)
  9 yaks
  A hungry ghost (D:7)
  A steam dragon (D:11)
  4 vampire mosquitoes (D:12)
  2 acid dragons
  Duvessa (D:7)
  A water moccasin (D:13)
  9 orc warriors
  3 ice beasts
  8 ogres
  2 sky beasts
  2 black bears
  4 centaurs
  A phantom (D:11)
  5 big kobolds
  A wyvern zombie (D:7)
  16 bullfrogs
  Dowan (D:7)
  A water moccasin zombie (D:8)
  2 scorpions
  9 killer bees (D:8)
  4 wights (D:13)
  9 howler monkeys
  6 crimson imps
  A bullfrog zombie (D:8)
  A quasit (D:11)
  2 hounds
  2 jellies
  11 orc priests
  11 orc wizards
  2 bullfrog skeletons (D:10)
  Ijyb (D:3)
  3 iguanas
  11 worker ants
  2 hound skeletons (D:4)
  A worker ant zombie (D:5)
  4 gnolls (D:7)
  11 adders
  2 river rats (Sewer)
  5 shadow imps
  2 oozes
  2 adder zombies
  3 adder skeletons
  2 worms (D:2)
  2 dart slugs (D:5)
  5 leopard geckos
  37 orcs
  A ball python (D:4)
  6 bats
  2 giant cockroaches
  4 goblins
  10 hobgoblins
  10 jackals
  8 quokkas
  A frilled lizard (D:2)
  A jackal zombie (D:7)
  33 kobolds
  A leopard gecko zombie (D:8)
  2 quokka skeletons
  10 rats
355 creatures vanquished.

Vanquished Creatures (others)
  A slave (D:9)
  A fungus (D:10)
  A plant (D:10)
3 creatures vanquished.

Grand Total: 358 creatures vanquished

Notes
Turn   | Place    | Note
-------+----------+-------------------------------------------
     0 | D:1      | gruber the Halfling Hunter began the quest for the Orb.
     0 | D:1      | Reached XP level 1. HP: 14/14 MP: 1/1
    19 | D:1      | Reached skill level 6 in Slings
    57 | D:1      | Reached XP level 2. HP: 19/19 MP: 2/2
   440 | D:2      | Reached skill level 7 in Slings
   440 | D:2      | Reached XP level 3. HP: 24/24 MP: 3/3
   775 | D:2      | Reached XP level 4. HP: 27/29 MP: 4/4
  1226 | D:3      | Found a faded altar of an unknown god.
  1244 | D:3      | Noticed Ijyb
  1249 | D:3      | Reached skill level 8 in Slings
  1266 | D:3      | Killed Ijyb
  1436 | D:3      | Reached XP level 5. HP: 34/34 MP: 5/5
  1791 | D:3      | Reached skill level 9 in Slings
  2056 | D:4      | Found a runed translucent door.
  2158 | D:4      | Noticed a bullfrog
  2160 | D:4      | Noticed LohmatiyShmel's ghost (amateur DrBe)
  2217 | D:4      | Found a glowing drain.
  2267 | Sewer    | Entered a sewer
  2354 | Sewer    | Noticed a big kobold
  2375 | Sewer    | Killed a big kobold
  2375 | Sewer    | Reached skill level 10 in Slings
  2375 | Sewer    | Reached XP level 6. HP: 39/39 MP: 6/6
  2424 | Sewer    | Found a white marble altar of Elyvilon.
  2623 | D:4      | Noticed an ogre
  2633 | D:4      | Killed an ogre
  2633 | D:4      | Reached skill level 11 in Slings
  2633 | D:4      | Reached XP level 7. HP: 44/44 MP: 7/7
  3310 | D:5      | Entered Level 5 of the Dungeon
  3485 | D:5      | Reached skill level 12 in Slings
  3735 | D:5      | Reached XP level 8. HP: 49/49 MP: 8/8
  3887 | D:5      | Found a staircase to the Ecumenical Temple.
  3978 | Temple   | Entered the Ecumenical Temple
  4091 | Temple   | Became a worshipper of Warmaster Okawaru
  4487 | D:6      | Reached skill level 13 in Slings
  4680 | D:6      | Found a shadowy altar of Dithmenos.
  4812 | D:6      | Reached skill level 14 in Slings
  5258 | D:6      | Reached * piety under Okawaru
  5258 | D:6      | Reached XP level 9. HP: 21/54 MP: 9/9
  5265 | D:6      | Reached skill level 15 in Slings
  5927 | D:7      | Noticed a hornet
  5931 | D:7      | Paralysed by a hornet for 1 turns
  5938 | D:7      | Killed a hornet
  6153 | D:7      | Reached skill level 16 in Slings
  6382 | D:7      | Noticed Harold
  6406 | D:7      | Killed Harold
  6406 | D:7      | Reached ** piety under Okawaru
  6406 | D:7      | Reached skill level 17 in Slings
  6723 | D:7      | Reached XP level 10. HP: 60/60 MP: 10/10
  6846 | D:7      | Reached skill level 5 in Dodging
  7108 | D:7      | Noticed Dowan
  7110 | D:7      | Noticed Duvessa
  7136 | D:7      | Killed Duvessa
  7144 | D:7      | Killed Dowan
  7926 | D:8      | Reached *** piety under Okawaru
  8108 | D:8      | Received a gift from Okawaru
  8111 | D:8      | Identified the amulet of the Camelopard {RegenMP *Contam
                  | Str+3 Dex+5}
  8214 | D:8      | Noticed a manticore
  8227 | D:8      | Killed a manticore
  8227 | D:8      | Received a gift from Okawaru
  8771 | D:8      | Reached skill level 10 in Dodging
  8772 | D:8      | Noticed a two-headed ogre
  8779 | D:8      | Noticed Erica
  8802 | D:8      | Killed a two-headed ogre
  8802 | D:8      | Reached XP level 11. HP: 18/64 MP: 8/11
  8817 | D:8      | HP: 3/64 [something (1)]
  8821 | D:8      | Killed Erica
  8821 | D:8      | Reached **** piety under Okawaru
  9179 | D:8      | Noticed a two-headed ogre
  9194 | D:8      | Killed a two-headed ogre
  9734 | D:9      | HP: 2/66 [troll (10)]
  9735 | D:9      | Received a gift from Okawaru
 10419 | D:9      | Found a sacrificial altar of Ru.
 10577 | D:9      | Received a gift from Okawaru
 10745 | D:9      | Noticed a two-headed ogre
 10754 | D:9      | Killed a two-headed ogre
 10754 | D:9      | Reached ***** piety under Okawaru
 10754 | D:9      | Reached skill level 5 in Fighting
 10877 | D:9      | Noticed Pikel
 10895 | D:9      | Killed Pikel
 10895 | D:9      | Received a gift from Okawaru
 11136 | D:10     | Entered Level 10 of the Dungeon
 11246 | D:10     | Noticed a two-headed ogre
 11258 | D:10     | Killed a two-headed ogre
 11258 | D:10     | Received a gift from Okawaru
 11258 | D:10     | Reached XP level 12. HP: 77/80 MP: 12/12
 11625 | D:10     | Found Yqimup's Gadget Shop.
 11787 | D:10     | Received a gift from Okawaru
 11789 | D:10     | Noticed a two-headed ogre
 11809 | D:10     | Killed a two-headed ogre
 12316 | D:10     | Reached skill level 1 in Armour
 12366 | D:10     | Got an ichor-stained hunting sling {god gift}
 12367 | D:10     | Identified the +2 hunting sling of Fuilo {freeze, rPois rN+
                  | Dex+5} (Okawaru gifted it to you on level 10 of the
                  | Dungeon)
 12598 | D:10     | Found a shattered altar of Ashenzari.
 12602 | D:10     | Saw a vision of the Swamp and the Spider Nest.
 12602 | D:10     | Noticed an alligator
 13064 | D:11     | Found a staircase to the Lair.
 13082 | D:11     | Noticed Fannar
 13106 | D:11     | Killed Fannar
 13106 | D:11     | Reached skill level 5 in Armour
 13174 | D:11     | Got a bloodstained scale mail
 13177 | D:11     | Identified the cursed +0 scale mail of Autumn {rElec rF+
                  | Str+3} (You found it on level 11 of the Dungeon)
 13179 | D:11     | Found a staircase to the Orcish Mines.
 13320 | D:11     | Found a roughly hewn altar of Beogh.
 13411 | D:11     | Received a gift from Okawaru
 13473 | D:11     | Found Cut Dimoivo's Magic Scroll Shop.
 14067 | D:12     | Noticed Sonja
 14120 | D:12     | Killed Sonja
 14120 | D:12     | Received a gift from Okawaru
 14171 | D:12     | Got a transparent fustibalus {god gift}
 14172 | D:12     | Identified the +6 fustibalus of Okawaru's Favour {freeze,
                  | rElec Int+3 Dex-4} (Okawaru gifted it to you on level 12 of
                  | the Dungeon)
 14309 | D:12     | Noticed a two-headed ogre
 14314 | D:12     | Killed a two-headed ogre
 14318 | D:12     | Noticed a two-headed ogre
 14324 | D:12     | Killed a two-headed ogre
 14671 | D:12     | Got a brightly glowing scale mail
 14672 | D:12     | Identified the cursed +1 scale mail of Pafodgh {Int+6} (You
                  | found it on level 12 of the Dungeon)
 14711 | D:13     | Noticed a skeletal warrior
 14711 | D:13     | Noticed a skeletal warrior
 14711 | D:13     | Noticed a skeletal warrior
 14711 | D:13     | Noticed a skeletal warrior
 14733 | D:13     | Killed a skeletal warrior
 14733 | D:13     | Reached XP level 13. HP: 64/88 MP: 5/13
 14744 | D:13     | Reached skill level 10 in Armour
 15381 | D:13     | Received a gift from Okawaru
 15630 | D:13     | Reached skill level 18 in Slings
 15959 | D:13     | Reached ****** piety under Okawaru
 16090 | D:13     | Received a gift from Okawaru
 16235 | D:13     | Noticed Jorgrun
 16250 | D:13     | Killed from afar by Jorgrun

Illustrated notes

Levels and vault maps discovered:
D:1:      beargit_arrival_greenhouse, layout_rooms
D:2:      layout_basic, first_ration
D:3:      layout_rooms, serial_corexii_hall, corexii_hall_statues_x,
          corexii_hall_statues_x, chequers_ecumenical_altar_simple_redux,
          uniq_ijyb
D:4:      layout_loops_ring, ebering_ghost_sewer_d,
          cheibrodos_sewer_entry_sluice, minmay_puff
D:5:      layout_basic, minmay_temple_entry_overgrown
D:6:      layout_gridville, overflow_temple_1_default
D:7:      layout_layer_cave, uniq_duvessa, uniq_harold
D:8:      layout_loops_ring, chequers_serial_rivers_micro_c, the_bakery,
          minmay_radiant, uniq_erica
D:9:      layout_roguey, small_statue_intersection,
          nicolae_ru_great_annihilating_truth, uniq_pikel
D:10:     layout_long_grid, serial_shops, shop, mrwooster_statue_mirror,
          grunt_ashenzari_visionary [grunt_ashenzari_visionary_swamp,
          grunt_ashenzari_visionary_spider]
D:11:     layout_rooms, lair_entry_dummy, minmay_orc_entry_temple_small,
          serial_shops, kennysheep_mini_moat, uniq_fannar
D:12:     layout_irregular_city, uniq_sonja
D:13:     layout_loops_corners, uniq_jorgrun
Temple:   kilobyte_greek_temple

Skill      XL: |  1  2  3  4  5  6  7  8  9 10 11 12 13 |
---------------+----------------------------------------+-----
Slings         | 6 7 8 10 11 12 14 17 18 | 18.6
Dodging        | 3 10 12 | 12.2
Fighting       | 6 8 |  8.0
Armour         | 9 11 | 11.1
Stealth        | |  1.1
Evocations     | |  0.4

Action                   |  1- 3 |  4- 6 |  7- 9 | 10-12 | 13-15 || total
-------------------------+-------+-------+-------+-------+-------++-------
Melee: Fustibalus        |       |       |       |       |     2 ||     2
 Fire: Hunting sling     |    73 |   205 |   321 |   981 |       ||  1580
       Fustibalus        |       |       |       |    26 |   168 ||   194
Invok: Heroism           |       |       |       |     4 |       ||     4
       Finesse           |       |       |       |     1 |       ||     1
Evoke: Wand              |       |       |     4 |     9 |       ||    13
  Use: Potion            |       |       |     4 |     1 |       ||     5
       Scroll            |       |       |       |     4 |     1 ||     5
  Eat: Chunk             |       |     5 |    11 |    20 |     4 ||    40
       Ration            |       |       |       |     1 |       ||     1
Armor: Leather armour    |     2 |    11 |     6 |    18 |       ||    37
       Ring mail         |       |       |       |    11 |       ||    11
       Scale mail        |       |       |       |     3 |    15 ||    18
Dodge: Dodged            |    15 |    53 |    51 |   310 |    51 ||   480
